Map: 벨시르 잔재 (공허)

Players

Bunny

  • Race: Terran Terran
  • Spawn Location: 11:00

jjakji - Winner!

  • Race: Terran Terran
  • Spawn Location: 5:00

Event: IEM XI Katowice - World Championship 2017

VOD

Have the link to the VOD?

Description

Time

  • Played on: Feb. 28, 2017, 8:16 a.m.
  • Length: 9:13

All games in this series

Show
View Real Time Build Order
Export as new Build Order

Bunny Terran 

Build Orders: Cyclone Opening, Reaper Expand, MMM Bio 

Get SALT Encoding   

  12  0:00  SCV  
  13  0:12  SCV  
  14  0:17  Supply Depot  
  14  0:24  SCV  
  15  0:29  Refinery  
  15  0:38  SCV  
  16  0:44  Barracks  
  16  0:50  SCV  
  17  1:02  SCV  
  18  1:15  SCV  
  19  1:30  Orbital Command  
  19  1:31  Reaper  
  20  1:40  Command Center  
  20  1:51  Factory  
  20  1:56  SCV  
  21  2:04  Supply Depot  
  21  2:07  Barracks Reactor  
  21  2:08  SCV  
  22  2:11  Refinery  
  22  2:20  SCV  
  23  2:32  SCV  
  23  2:44  SCV  
  23  2:45  Cyclone  
  23  2:46  Marine x2  
  29  2:56  SCV  
  30  3:04  Marine  
  30  3:05  Starport  
  31  3:09  Marine, SCV  
  31  3:10  Orbital Command  
  33  3:24  Marine, Factory Tech Lab  
  33  3:25  SCV  
  34  3:27  Marine  
  35  3:36  SCV  
  35  3:37  SCV  
  37  3:45  Viking  
  37  3:47  Siege Tank  
  37  3:48  SCV  
  45  3:49  SCV  
  45  3:53  Supply Depot  
  44  3:59  Barracks Tech Lab  
  44  4:00  SCV  
  44  4:01  SCV  
  46  4:03  Barracks  
  46  4:04  Barracks  
  46  4:11  Supply Depot  
  46  4:14  SCV x2  
  46  4:16  Starport Reactor, Refinery  
  48  4:19  Marine  
  48  4:20  Stimpack  
  49  4:26  SCV x2  
  49  4:29  Engineering Bay  
  51  4:37  Marine  
  51  4:42  Siege Tank  
  52  4:50  SCV x2  
  53  4:58  Marine x3  
  53  5:02  SCV  
  53  5:03  SCV  
  53  5:15  SCV x2  
  53  5:16  Marine x2, Starport Reactor  
  53  5:17  Terran Infantry Weapons Level 1  
  53  5:20  Marine x2  
  60  5:25  Supply Depot  
  60  5:27  Supply Depot, SCV x2  
  61  5:29  Refinery  
  61  5:32  Marine  
  62  5:40  SCV  
  62  5:47  Marine x4, Siege Tank, SCV  
  70  5:53  SCV  
  70  5:54  Supply Depot, Medivac  
  73  5:57  Medivac  
  73  5:59  Marine, SCV  
  77  6:04  Marine  
  77  6:07  Supply Depot  
  78  6:15  Marine x3, SCV x2  
  78  6:17  Barracks  
  83  6:19  Barracks  
  83  6:21  Combat Shields  
  83  6:22  Marine  
  83  6:23  Marine  
  85  6:29  Siege Tank  
  88  6:35  Medivac  
  90  6:41  Marine x5  
  90  6:45  Supply Depot  
  90  6:47  Supply Depot  
  94  6:52  Supply Depot  
  94  7:00  Supply Depot  
  94  7:06  Marine x2  
  94  7:07  Siege Tank, SCV x2  
  94  7:08  Barracks Reactor x2  
  101  7:13  Marine x3  
  103  7:21  Medivac x2  
  106  7:24  Marine  
  101  7:35  Marine x2  
  84  7:39  Marine, Siege Tank  
  84  7:40  Marine  
  84  7:42  Marine  
  80  7:44  Marine  
  80  7:45  Marine  
  80  7:48  Marine x2  
  80  7:50  SCV  
  78  7:53  Marine  
  79  7:59  Medivac  
  79  8:02  Medivac  
  79  8:03  SCV  
  82  8:06  SCV  
  82  8:09  Marine x3  
  86  8:13  Marine  
  86  8:15  Marine x3  
  86  8:19  Marine x2  
  91  8:26  Marine, Siege Tank  
  95  8:27  Marine  
  95  8:29  SCV x2  
  95  8:32  Marine  
  95  8:33  Marine  
  100  8:42  Medivac  
  86  8:52  Marine x3  
  86  8:53  Marine x4  
  86  8:54  Marine  
Show
View Real Time Build Order
Export as new Build Order

jjakji Terran - Winner!

Build Orders: Cyclone Opening, Reaper Expand, MMM Bio 

Get SALT Encoding   

  12  0:00  SCV  
  13  0:12  SCV  
  14  0:17  Supply Depot  
  14  0:24  SCV  
  14  0:27  Refinery  
  15  0:38  SCV  
  16  0:44  Barracks  
  16  0:50  SCV  
  17  1:02  SCV  
  18  1:15  SCV  
  19  1:30  Reaper  
  19  1:31  Orbital Command  
  20  1:43  Command Center  
  20  1:51  Factory  
  20  1:56  SCV  
  21  2:02  Refinery  
  21  2:05  Barracks Reactor  
  21  2:08  SCV  
  21  2:13  Supply Depot  
  22  2:20  SCV  
  23  2:35  SCV  
  24  2:43  Cyclone  
  27  2:47  SCV  
  27  2:49  Marine x2  
  29  2:56  Orbital Command  
  29  2:59  SCV  
  29  3:03  Starport  
  30  3:07  Marine x2  
  30  3:11  SCV  
  33  3:21  Cyclone  
  33  3:23  SCV  
  33  3:25  SCV  
  38  3:28  Marine  
  38  3:29  Marine, Supply Depot  
  40  3:35  SCV  
  40  3:39  Medivac  
  44  3:41  SCV  
  44  3:47  SCV  
  44  3:48  Marine  
  45  3:51  Supply Depot  
  45  3:53  SCV  
  47  3:58  Cyclone  
  47  4:01  Marine  
  47  4:02  SCV  
  52  4:05  SCV  
  52  4:06  Marine  
  54  4:14  Viking, SCV  
  57  4:17  SCV  
  57  4:19  Marine  
  57  4:22  Supply Depot  
  57  4:24  Marine  
  59  4:29  Barracks  
  59  4:30  SCV x2  
  62  4:31  Barracks  
  62  4:33  Factory Tech Lab  
  62  4:43  SCV x2  
  64  4:46  Starport Reactor  
  64  4:47  Supply Depot x2  
  63  4:55  SCV x2  
  63  4:59  Barracks Tech Lab  
  63  5:00  Siege Tank  
  66  5:07  SCV  
  66  5:08  Supply Depot, SCV  
  66  5:09  Refinery  
  68  5:18  Refinery  
  68  5:19  Engineering Bay  
  68  5:20  SCV x2  
  70  5:21  Stimpack  
  70  5:27  Marine  
  71  5:30  Marine x2, Starport Reactor  
  71  5:32  Marine, SCV x2  
  76  5:37  Supply Depot  
  76  5:44  Marine, SCV x2  
  76  5:49  Terran Infantry Weapons Level 1, Barracks  
  79  5:50  Marine x4, Barracks  
  83  5:58  Supply Depot  
  83  6:02  Marine  
  84  6:06  Medivac x2  
  84  6:08  Marine x4  
  92  6:12  Siege Tank  
  94  6:20  Marine  
  95  6:26  Marine x4  
  99  6:33  Command Center  
  99  6:38  Marine  
  99  6:39  Supply Depot, Barracks Reactor x2  
  100  6:40  Supply Depot  
  100  6:44  Marine  
  100  6:47  Siege Tank  
  104  6:49  Medivac  
  105  6:57  Supply Depot  
  105  6:59  Marine x3  
  108  7:01  Marine x2  
  110  7:11  Armory, Command Center  
  110  7:13  Engineering Bay  
  109  7:18  Marine  
  109  7:19  Marine x3, Siege Tank  
  109  7:22  Combat Shields  
  116  7:24  Marine  
  116  7:25  Marine x2  
  118  7:32  Medivac x2  
  104  7:39  Marine x2  
  104  7:40  Marine x2  
  104  7:43  Marine  
  99  7:45  Marine  
  99  7:48  Marine x3  
  99  7:55  Siege Tank  
  102  7:59  Marine  
  102  8:00  Marine x2  
  102  8:01  Marine  
  102  8:03  Marine  
  107  8:10  Medivac  
  107  8:12  Medivac  
  111  8:20  Marine x5  
  111  8:21  Marine  
  111  8:22  Marine  
  111  8:24  Marine  
  119  8:28  Siege Tank  
  122  8:38  Marine x3  
  122  8:39  Marine x3  
  128  8:42  Marine x2  
  128  8:47  Marine  

Tags
 
Add a new tag
Caveats
  • Supply blocks, unpowered buildings, or Contaminate may cause inaccurate times.
  • Supply counts are checked every 10 seconds.